Map: [ESL] Gresvan

Players

Creator - Winner!

  • Race: Protoss Protoss
  • Spawn Location: 5:00

GuMiho

  • Race: Terran Terran
  • Spawn Location: 11:00

Event: IEM Katowice 2023

VOD

Have the link to the VOD?

Description

Time

  • Played on: Feb. 10, 2023, 5:16 a.m.
  • Length: 14:16

All games in this series

Show
View Real Time Build Order
Export as new Build Order

Creator Protoss - Winner!

Build Orders: 1 Gate Expand, Oracle Opening 

Get SALT Encoding   

  12  0:00  Probe  
  13  0:12  Probe  
  14  0:20  Pylon  
  14  0:24  Probe  
  15  0:38  Probe (Chrono Boost)  
  15  0:41  Gateway  
  16  0:48  Assimilator, Probe (Chrono Boost)  
  17  0:53  Probe (Chrono Boost)  
  18  1:05  Probe  
  19  1:17  Probe  
  20  1:28  Cybernetics Core  
  20  1:33  Nexus  
  20  1:40  Pylon  
  20  1:43  Probe  
  21  1:51  Assimilator  
  20  1:56  Probe  
  21  2:01  Adept (Chrono Boost)  
  21  2:06  Shield Battery  
  21  2:08  Probe  
  24  2:20  Probe  
  24  2:21  Adept (Chrono Boost)  
  25  2:27  Stargate  
  27  2:32  Probe  
  27  2:35  Warp Gate  
  28  2:44  Probe, Adept  
  28  2:49  Probe  
  32  2:56  Probe  
  33  3:01  Probe  
  34  3:08  Oracle (Chrono Boost), Probe  
  34  3:09  Probe  
  38  3:17  Probe  
  39  3:21  Probe  
  39  3:22  Pylon  
  41  3:27  Probe  
  41  3:32  Twilight Council  
  41  3:33  Probe  
  43  3:40  Probe  
  44  3:42  Gateway  
  44  3:46  Probe  
  45  3:48  Gateway  
  45  3:52  Probe (Chrono Boost)  
  45  3:54  Pylon  
  46  4:02  Pylon  
  47  4:03  Blink (Chrono Boost)  
  47  4:04  Probe (Chrono Boost)  
  47  4:05  Probe (Chrono Boost)  
  48  4:11  Probe (Chrono Boost)  
  48  4:14  Probe (Chrono Boost)  
  50  4:18  Probe  
  50  4:23  Stalker  
  53  4:25  Assimilator  
  53  4:26  Assimilator  
  53  4:27  Robotics Facility  
  53  4:34  Probe  
  53  4:37  Probe  
  55  4:43  Stalker x2  
  59  4:47  Shield Battery  
  59  4:51  Stalker  
  61  5:02  Nexus  
  61  5:04  Pylon  
  61  5:09  Stalker  
  61  5:10  Stalker  
  66  5:14  Probe x2  
  66  5:16  Observer (Chrono Boost)  
  66  5:21  Stalker  
  70  5:28  Probe  
  70  5:29  Probe  
  70  5:33  Immortal (Chrono Boost)  
  76  5:36  Stalker  
  76  5:39  Pylon  
  76  5:40  Pylon  
  77  5:51  Phoenix  
  77  6:01  Stalker x3  
  77  6:02  Probe  
  84  6:04  Probe, Observer  
  84  6:10  Robotics Bay  
  85  6:16  Probe x2  
  85  6:18  Observer  
  88  6:26  Stalker x3  
  94  6:39  Probe x3  
  93  6:50  Stalker x3  
  97  6:59  Colossus (Chrono Boost)  
  97  7:04  Probe  
  101  7:08  Probe x2  
  101  7:11  Forge, Pylon  
  101  7:13  Forge  
  101  7:20  Shield Battery  
  101  7:22  Extended Thermal Lance  
  101  7:23  Pylon  
  101  7:29  Probe x3 (Chrono Boost)  
  104  7:31  Zealot, Sentry  
  108  7:37  Gateway  
  108  7:40  Probe (Chrono Boost)  
  108  7:42  Probe x2 (Chrono Boost)  
  111  7:46  Protoss Ground Weapons Level 1 (Chrono Boost), Colossus (Chrono Boost)  
  117  7:52  Pylon, Assimilator  
  117  7:55  Pylon, Assimilator  
  117  8:06  Pylon  
  117  8:07  Charge  
  117  8:08  Gateway  
  117  8:09  Protoss Ground Armor Level 1 (Chrono Boost)  
  117  8:10  Gateway, Probe x3  
  120  8:19  Zealot x3  
  126  8:22  Gateway  
  126  8:23  Gateway  
  126  8:25  Dark Shrine  
  126  8:28  Probe  
  131  8:43  Immortal (Chrono Boost)  
  131  8:46  Robotics Facility, Probe x3  
  132  8:51  Nexus  
  132  8:56  Pylon  
  132  8:57  Photon Cannon  
  132  9:01  Pylon  
  132  9:06  Probe x3  
  135  9:16  Pylon  
  135  9:19  Immortal (Chrono Boost)  
  135  9:22  Zealot, Sentry  
  143  9:28  Photon Cannon, Probe x3  
  143  9:29  Shield Battery  
  146  9:31  Pylon  
  146  9:39  Dark Templar  
  146  9:41  Protoss Ground Weapons Level 2 (Chrono Boost)  
  146  9:42  Protoss Ground Armor Level 2 (Chrono Boost)  
  146  9:43  Immortal (Chrono Boost)  
  155  9:55  Dark Templar x2  
  155  9:56  Disruptor (Chrono Boost)  
  155  9:59  Archon  
  159  10:07  Gateway  
  159  10:09  Gateway  
  159  10:14  Disruptor  
  162  10:27  Zealot x5, Dark Templar x2, Immortal  
  176  10:34  Archon, Observer  
  172  10:40  Pylon  
  172  10:41  Pylon  
  172  10:50  Dark Templar x2  
  172  10:51  Pylon, Dark Templar x2  
  184  10:58  Immortal (Chrono Boost)  
  184  11:03  Immortal (Chrono Boost)  
  180  11:18  Gateway  
  180  11:20  Archon x2, Gateway  
  180  11:21  Zealot x4, Stalker  
  194  11:35  Observer (Chrono Boost)  
  195  11:41  Nexus  
  195  11:42  Pylon, Gravitic Drive (Chrono Boost)  
  195  11:44  Immortal (Chrono Boost)  
  195  11:49  Pylon  
  195  11:52  Stalker  
  195  11:53  Warp Prism (Chrono Boost)  
  199  12:21  Gateway  
  197  12:24  Gateway  
  177  12:40  Dark Templar x2, Stalker x3  
  177  12:41  Zealot  
  177  12:43  Zealot x6  
  190  12:53  Colossus (Chrono Boost)  
  190  12:56  Observer  
  180  13:05  Stalker x3  
  144  13:06  Stalker x6  
  144  13:08  Stalker  
  144  13:10  Immortal (Chrono Boost)  
  144  13:11  Archon  
  147  13:14  Dark Templar x2  
  147  13:19  Archon  
  154  13:29  Zealot x4, Dark Templar  
  154  13:30  Dark Templar x3  
  154  13:31  Zealot x4  
  178  13:35  Archon x2  
  178  13:39  Observer (Chrono Boost)  
  183  13:42  Immortal (Chrono Boost)  
  167  13:50  Sentry x2  
  167  13:51  Zealot x4  
  167  13:52  Zealot x4  
  165  14:11  Stalker x6  
  165  14:12  Zealot, Stalker  
Show
View Real Time Build Order
Export as new Build Order

GuMiho Terran 

Build Orders:  

Get SALT Encoding   

  12  0:00  SCV  
  13  0:12  SCV  
  14  0:16  Supply Depot  
  14  0:24  SCV  
  15  0:38  SCV  
  15  0:40  Barracks  
  16  0:50  SCV  
  16  0:52  Refinery  
  17  1:02  SCV  
  18  1:14  SCV  
  19  1:26  Orbital Command  
  19  1:27  Marine  
  20  1:36  Command Center  
  20  1:43  Supply Depot  
  20  1:46  Marine  
  21  1:52  SCV  
  22  2:02  Factory  
  22  2:04  Marine  
  22  2:07  SCV  
  24  2:11  Refinery  
  24  2:19  SCV  
  24  2:22  Barracks Reactor  
  25  2:31  SCV  
  26  2:43  SCV  
  27  2:46  Starport, Hellion  
  27  2:48  Orbital Command  
  29  2:55  SCV  
  30  2:59  Marine x2  
  32  3:07  SCV, Widow Mine  
  35  3:16  SCV  
  35  3:17  Marine x2  
  35  3:19  SCV  
  39  3:22  Supply Depot  
  39  3:25  Medivac  
  41  3:28  SCV  
  41  3:29  Widow Mine  
  41  3:31  SCV  
  45  3:34  Supply Depot  
  45  3:37  Marine  
  46  3:43  Marine, SCV  
  46  3:44  SCV  
  49  3:50  Factory Tech Lab  
  49  3:55  Marine  
  50  3:56  SCV x2  
  50  3:58  Supply Depot  
  50  4:01  Marine, Viking  
  53  4:08  SCV  
  54  4:10  Mag-Field Accelerator, Cyclone  
  54  4:11  SCV  
  58  4:19  Marine x2  
  58  4:20  SCV  
  61  4:25  SCV  
  61  4:30  Supply Depot  
  62  4:31  Viking  
  62  4:32  SCV, Refinery  
  62  4:36  Marine  
  62  4:37  Marine  
  68  4:38  SCV  
  68  4:44  SCV  
  69  4:51  SCV  
  69  4:52  Cyclone  
  72  4:54  Marine x2  
  72  4:56  SCV  
  72  4:58  Command Center  
  75  5:01  Supply Depot  
  75  5:03  Starport Tech Lab  
  75  5:12  Marine, SCV x2  
  78  5:16  Supply Depot  
  78  5:22  Marine  
  78  5:23  Banshee  
  78  5:24  Siege Tank  
  85  5:31  SCV, Refinery  
  86  5:37  Barracks  
  86  5:38  SCV  
  86  5:39  Barracks  
  87  5:44  SCV  
  87  5:48  Marine x2  
  90  5:50  SCV  
  90  5:56  SCV  
  92  6:00  Supply Depot  
  92  6:02  SCV  
  91  6:04  Siege Tank  
  91  6:05  Engineering Bay  
  91  6:06  Engineering Bay  
  91  6:10  Raven  
  96  6:13  SCV  
  96  6:14  SCV  
  96  6:17  Marine x2  
  100  6:25  SCV  
  98  6:26  SCV  
  98  6:30  Barracks Tech Lab, Barracks Reactor  
  98  6:31  Barracks  
  99  6:34  Orbital Command  
  99  6:36  Siege Tank, Barracks  
  99  6:39  SCV x2  
  100  6:47  Marine x2  
  100  6:51  Marine, SCV  
  100  6:53  SCV  
  91  7:03  SCV  
  91  7:05  Marine x2, SCV  
  91  7:06  Marine, Stimpack  
  91  7:08  Siege Tank  
  91  7:09  Marine  
  91  7:13  Terran Infantry Armor Level 1, Terran Infantry Weapons Level 1  
  87  7:15  SCV  
  87  7:17  SCV x2  
  87  7:21  Refinery  
  90  7:22  Marine  
  90  7:23  Barracks Tech Lab  
  90  7:24  Starport Reactor  
  90  7:25  Supply Depot  
  90  7:26  Refinery  
  90  7:27  Barracks Tech Lab  
  90  7:28  SCV  
  90  7:29  SCV  
  93  7:34  Supply Depot  
  93  7:36  SCV  
  94  7:40  Bunker, SCV  
  94  7:44  Siege Tank  
  94  7:47  SCV  
  94  7:48  SCV  
  94  7:49  Combat Shield  
  98  7:53  SCV  
  99  7:59  Concussive Shells  
  99  8:00  SCV x2  
  99  8:02  Viking x2  
  105  8:06  Supply Depot  
  105  8:09  Marauder  
  105  8:10  Supply Depot  
  105  8:11  Marine x3, Marauder x2  
  105  8:12  Marine  
  115  8:13  SCV x3  
  115  8:16  Supply Depot  
  115  8:18  Siege Tank, Supply Depot  
  121  8:25  SCV x2  
  123  8:28  Missile Turret  
  123  8:29  Sensor Tower  
  123  8:31  Armory  
  123  8:32  Medivac  
  125  8:36  Supply Depot  
  125  8:39  SCV x3  
  74  8:41  Medivac  
  127  8:44  Sensor Tower  
  127  8:47  Command Center  
  129  8:50  Supply Depot  
  129  8:51  SCV  
  129  8:53  SCV  
  129  8:54  SCV  
  132  8:58  Siege Tank  
  132  9:02  Supply Depot  
  135  9:03  SCV  
  135  9:06  Missile Turret  
  135  9:08  Medivac  
  138  9:11  Medivac  
  138  9:14  Marauder x2  
  138  9:15  Marauder  
  146  9:19  Marine x2, Missile Turret  
  148  9:26  Marine  
  148  9:27  Marine, Supply Depot  
  148  9:30  Terran Infantry Weapons Level 2  
  150  9:32  Terran Infantry Armor Level 2  
  150  9:34  Terran Vehicle Weapons Level 1  
  150  9:41  Siege Tank  
  153  9:49  Barracks  
  153  9:50  Barracks  
  153  9:53  Barracks  
  153  9:55  Missile Turret  
  153  9:58  Medivac x2  
  153  9:59  Marauder x2  
  161  10:02  Marauder  
  161  10:03  Marine x3  
  161  10:05  Marine  
  166  10:21  Marauder x2  
  168  10:23  Marine, Marauder  
  171  10:30  Marine x3  
  171  10:31  Planetary Fortress  
  171  10:34  SCV x3  
  177  10:42  Marauder x2  
  181  10:45  Marauder  
  181  10:46  SCV, Missile Turret  
  181  10:47  Missile Turret  
  181  10:48  Sensor Tower  
  184  10:50  Siege Tank  
  184  10:54  SCV x2  
  184  10:56  Refinery  
  188  10:57  Refinery  
  188  10:58  SCV  
  188  11:03  Marauder  
  185  11:07  SCV x2  
  185  11:10  Missile Turret  
  184  11:15  SCV  
  184  11:16  Missile Turret  
  185  11:19  SCV x2  
  185  11:20  Missile Turret  
  185  11:25  Fusion Core, Starport x2  
  185  11:28  Terran Ship Weapons Level 1  
  185  11:31  Siege Tank  
  188  11:35  Command Center  
  188  11:40  Barracks Tech Lab x2  
  188  11:41  Barracks Reactor  
  188  12:00  Command Center  
  188  12:01  Command Center  
  188  12:11  Missile Turret  
  188  12:12  Missile Turret  
  188  12:17  Starport Tech Lab  
  188  12:20  Smart Servos  
  188  12:27  Starport Tech Lab  
  175  12:39  Viking x2  
  175  12:40  Battlecruiser  
  179  12:44  Siege Tank  
  179  12:46  Battlecruiser  
  148  13:10  Marine x3, Marauder x5  
  148  13:11  Marine  
  151  13:17  Refinery  
  151  13:25  Planetary Fortress  
  151  13:27  Orbital Command  
  151  13:29  Orbital Command  
  151  13:31  Marauder x2  
  155  13:40  Siege Tank  

Tags
 
Add a new tag
Caveats
  • Supply blocks, unpowered buildings, or Contaminate may cause inaccurate times.
  • Supply counts are checked every 10 seconds.